AoeStats
← 猫咪先生

Arabia

510265303Analyzed
2v2 RM · 14h ago on Sep 30, 2026· 40m 45s· 4 players
Game mode
Random Map
Map size
Medium (4 player)
Population
200
Speed
Normal
Resources
Standard
Victory
Conquest
Starting age
Dark Age
Ending age
Imperial Age
RankedLock teamsTeams togetherTeam positionsShared explorationLock speedFull tech treeHidden civsTurbo modeCheats
Victory
Defeat
🇬🇷 Turks · Greece
960
+17
🇵🇪 Britons · Peru
923
+18
🇪🇸 Varangians · Spain
994
-18
🇨🇳 Vietnamese · China
950
-17
Ramírez0511
10:08 Feudal Age
11:26 Wheelbarrow
10:40 Double-Bit Axe
11:18 Gold Mining
13:46 Loom
17:31 Fletching
18:28 Horse Collar
24:08 Castle Age
22:46 Gold Mining
26:29 Crossbowman
27:10 Bodkin Arrow
27:16 Padded Archer Armor
35:34 Ballistics
37:27 Yeomen
42:14 Imperial Age
40:01 Hand Cart
39:32 Town Watch
39:59 Masonry
39:45 Murder Holes
orestsymeonidhs
11:28 Feudal Age
12:14 Loom
16:15 Castle Age
27:03 Bloodlines
26:53 Husbandry
32:17 Gold Mining
35:25 Imperial Age
33:54 Wheelbarrow
33:04 Town Watch
39:40 Conscription
39:17 Fletching
39:27 Padded Archer Armor
39:38 Forging
39:34 Scale Barding Armor
40:22 Ballistics
39:58 Bodkin Arrow
zualoi
7:34 Loom
10:06 Feudal Age
12:48 Bloodlines
13:01 Town Watch
15:40 Double-Bit Axe
16:54 Horse Collar
20:29 Scale Barding Armor
22:00 Wheelbarrow
26:54 Castle Age
25:09 Forging
25:54 Fletching
28:18 Iron Casting
27:53 Bodkin Arrow
28:19 Husbandry
29:38 Hand Cart
30:40 Bow Saw
31:23 Town Patrol
32:22 Gold Mining
32:23 Stone Mining
38:15 Squires
38:01 Arson
39:16 Gambesons
猫咪先生
11:09 Feudal Age
9:37 Loom
11:14 Man-at-Arms
11:41 Arson
13:21 Double-Bit Axe
16:00 Horse Collar
18:00 Padded Archer Armor
19:14 Fletching
27:21 Castle Age
28:25 Thumb Ring
27:43 Elite Skirmisher
27:44 Crossbowman
28:45 Leather Archer Armor
28:25 Bodkin Arrow
33:29 Bow Saw
Connection lost

Rejoining the realm…

Still unreachable

The connection could not be restored.

Session expired

The server has moved on; the page needs a fresh start.